 Dungeon Crawl Stone Soup version 0.27-a0-869-g165b36e3f0 (webtiles) character file.

Game seed: 14704344551017122344

3434 polve the Cleaver (level 10, -13/139 HPs)
             Began as a Hill Orc Berserker on Apr 2, 2021.
             Was an Elder of Trog.
             Mangled by a boulder beetle (16 damage)
             ... on level 8 of the Dungeon.
             The game lasted 00:07:04 (9578 turns).

polve the Cleaver (Hill Orc Berserker)              Turns: 9578, Time: 00:07:05

Health: -13/139    AC:  6    Str: 21    XL:     10   Next: 5%
Magic:  10/10      EV: 11    Int:  7    God:    Trog [****..]
Gold:   360        SH:  0    Dex: 13    Spells: 9/9 levels left

rFire    + . .     SeeInvis .   A - +0 war axe
rCold    . . .     Faith    .   (no shield)
rNeg     . . .     Spirit   .   E - +0 acid dragon scales
rPois    .         Reflect  .   (no helmet)
rElec    .         Harm     .   (no cloak)
rCorr    +         Rampage  .   (no gloves)
Will     .....                  (no boots)
Stlth    ..........             (no amulet)
HPRegen  0.33/turn              j - ring of protection from fire
MPRegen  0.12/turn              (no ring)

@: berserking, studying Dodging, very quick
A: no striking features
a: Renounce Religion, Berserk, Trog's Hand, Brothers in Arms


You were on level 8 of the Dungeon.
You worshipped Trog.
Trog was greatly pleased with you.
You visited 1 branch of the dungeon, and saw 8 of its levels.

You collected 360 gold pieces.

Inventory:

Hand Weapons
 A - a +0 war axe (weapon)
Missiles
 d - 5 atropa-tipped darts
 r - a throwing net
 z - 3 curare-tipped darts
Armour
 h - +0 steam dragon scales
 k - a +1 ring mail of willpower
 E - +0 acid dragon scales (worn)
Jewellery
 j - a ring of protection from fire (left hand)
 G - a +6 ring of intelligence
 H - a ring of ice
Wands
 i - a wand of charming (1)
 x - a wand of acid (11)
 B - a wand of paralysis (16)
Scrolls
 a - a scroll of silence {unknown}
 e - a scroll of teleportation {unknown}
 f - 3 scrolls of magic mapping
 g - 2 scrolls of fog
 m - a scroll of noise {unknown}
 o - 2 scrolls of amnesia {unknown}
 q - 3 scrolls of fear {unknown}
 t - 2 scrolls of holy word {unknown}
 v - a scroll of immolation {unknown}
 y - a scroll of acquirement {unknown}
 C - a scroll of identify
 D - a scroll of blinking {unknown}
Potions
 b - a potion of berserk rage {unknown}
 c - 3 potions of curing
 l - a potion of cancellation {unknown}
 n - 3 potions of brilliance {unknown}
 p - a potion of heal wounds
 s - 2 potions of mutation {unknown}
 u - a potion of degeneration {unknown}
 w - 3 potions of lignification {unknown}
 F - a potion of ambrosia {unknown}


   Skills:
 + Level 10.2 Fighting
 * Level 14.5 Axes
 - Level 2.1 Armour
 - Level 1.5 Dodging


You had 9 spell levels left.
You didn't know any spells.
Your spell library was empty.

Dungeon Overview and Level Annotations

Branches:
Dungeon (8/15)             Temple (0/1) D:6
   Lair: D:8-11

Altars:
Dithmenos
Hepliaklqana
Nemelex Xobeh
Qazlal
Vehumet
Zin

Shops:
D:4 ?

Annotations:
D:3 2 transporters


Message History

The tengu conjurer casts a spell.
The tengu conjurer conjures a globe of magical energy!
A battlesphere comes into view.
You hit the boulder beetle but do no damage.
The boulder beetle is moderately wounded.
The boulder beetle bites you!
You barely miss the boulder beetle.
The boulder beetle is moderately wounded.
You hit the boulder beetle but do no damage.
The boulder beetle is moderately wounded.
The boulder beetle bites you!!
* * * LOW HITPOINT WARNING * * *
You slash the boulder beetle!
The boulder beetle is moderately wounded.
You slash the boulder beetle!
The boulder beetle is heavily wounded.
The boulder beetle bites you!
* * * LOW HITPOINT WARNING * * *
You slash the boulder beetle!
The boulder beetle is heavily wounded.
You hit the boulder beetle but do no damage.
The boulder beetle is heavily wounded.
You hit the boulder beetle but do no damage.
The boulder beetle is heavily wounded.
You slash the boulder beetle!
The boulder beetle is severely wounded.
The boulder beetle barely misses you.
You hit the boulder beetle.
The boulder beetle is severely wounded.
You hit the boulder beetle but do no damage.
The boulder beetle is severely wounded.
The boulder beetle bites you!!
* * * LOW HITPOINT WARNING * * *
You slash the boulder beetle!
The boulder beetle is almost dead.
You are too berserk!
You completely miss the boulder beetle.
The boulder beetle is almost dead.
The boulder beetle bites you!
You die...

### ### ### ###
#*###.###.###[#
#Q#.#.#.#.#.#.#.
##B###.###.###.###
#@###.#.#.#.#.#.#.
##.#.###.###.###.#
##.###.#.#.#.#.#.
##.#.#.# #.# #.###
#.###.# #.#.#.#.#.
##.#.#.#.# #.###)#
#.# #.# #.#.#.#.
#.# #.#.# #†###
#.# #.# #.#


You could see a boulder beetle, a tengu conjurer and a battlesphere.

Vanquished Creatures
  A hornet (D:7)
  A spriggan (D:7)
  A wraith (D:7)
  A steam dragon (D:7)
  Edmund (D:5)
  An acid dragon (D:7)
  A water moccasin (D:8)
  An ice beast (D:5)
  3 sky beasts
  A black bear (D:7)
  An ogre (D:5)
  3 necrophages
  A centaur (D:7)
  2 phantoms (D:5)
  A kobold brigand (D:4)
  4 bullfrogs
  2 scorpions
  A wyvern zombie (D:7)
  2 killer bees (D:8)
  A wight (D:8)
  A bullfrog zombie (D:5)
  A centaur zombie (D:6)
  A hound (D:5)
  2 orc priests (D:7)
  2 bullfrog skeletons
  6 iguanas
  Ijyb (D:2)
  Natasha (thrice) (D:3)
  6 orc wizards
  2 killer bee zombies
  A hound zombie (D:5)
  A hound skeleton (D:5)
  3 howler monkey zombies
  3 white imps
  An ufetubus (D:3)
  A dart slug (D:3)
  21 orcs
  4 bats
  3 endoplasms
  4 giant cockroaches
  14 goblins
  6 hobgoblins
  6 jackals
  6 kobolds
  2 quokkas
  6 ball pythons
  4 frilled lizards
  5 rats
146 creatures vanquished.

Notes
Turn   | Place    | Note
-------+----------+-------------------------------------------
     0 | D:1      | polve the Hill Orc Berserker began the quest for the Orb.
     0 | D:1      | Reached XP level 1. HP: 19/19 MP: 1/1
   360 | D:1      | Reached XP level 2. HP: 11/27 MP: 2/2
  1462 | D:1      | Reached skill level 5 in Axes
  1507 | D:2      | Reached XP level 3. HP: 33/33 MP: 3/3
  2033 | D:2      | Noticed Ijyb
  2033 | D:2      | Noticed a necrophage
  2044 | D:2      | Reached XP level 4. HP: 40/40 MP: 4/4
  2045 | D:2      | Reached ** piety under Trog
  2049 | D:2      | Killed a necrophage
  2050 | D:2      | Reached skill level 6 in Axes
  2050 | D:2      | Reached XP level 5. HP: 37/47 MP: 5/5
  2063 | D:2      | Killed Ijyb
  2064 | D:2      | Reached skill level 5 in Fighting
  2371 | D:2      | Reached skill level 7 in Axes
  2562 | D:3      | Found a radiant altar of Vehumet.
  2581 | D:3      | Found a transporter.
  2755 | D:3      | Noticed Natasha
  2774 | D:3      | Killed Natasha
  2775 | D:3      | Reached XP level 6. HP: 37/56 MP: 6/6
  2899 | D:3      | Found a transporter.
  2995 | D:3      | Noticed Natasha
  3012 | D:3      | Killed Natasha
  3194 | D:3      | Noticed Natasha
  3204 | D:3      | Killed Natasha
  3376 | D:4      | Reached skill level 8 in Axes
  3410 | D:4      | Found Ischyla's Magic Scroll Shop.
  3670 | D:4      | Reached XP level 7. HP: 62/63 MP: 7/7
  3899 | D:5      | Entered Level 5 of the Dungeon
  3933 | D:5      | Found a hazy altar of Hepliaklqana.
  3956 | D:5      | Reached *** piety under Trog
  3957 | D:5      | Reached skill level 9 in Axes
  4544 | D:5      | Noticed Edmund
  4568 | D:5      | Killed Edmund
  4569 | D:5      | Reached skill level 10 in Axes
  4569 | D:5      | Reached XP level 8. HP: 47/73 MP: 8/8
  4807 | D:5      | Found a stormy altar of Qazlal.
  5663 | D:5      | Found a sparkling altar of Nemelex Xobeh.
  5663 | D:5      | Found a glowing silver altar of Zin.
  5964 | D:6      | Reached skill level 11 in Axes
  6711 | D:6      | Found a staircase to the Ecumenical Temple.
  7390 | D:7      | Reached skill level 12 in Axes
  7636 | D:7      | Reached XP level 9. HP: 74/82 MP: 9/9
  7902 | D:7      | Identified the ring "Xashogi" {*Corrode rF+ Str+5 Int+5}
  8130 | D:7      | Found a shadowy altar of Dithmenos.
  8492 | D:7      | Reached skill level 13 in Axes
  8714 | D:7      | Noticed a hornet
  8723 | D:7      | Killed a hornet
  9207 | D:8      | Reached **** piety under Trog
  9218 | D:8      | Reached skill level 14 in Axes
  9352 | D:8      | Reached skill level 10 in Fighting
  9383 | D:8      | Reached XP level 10. HP: 87/93 MP: 10/10
  9560 | D:8      | Noticed a boulder beetle
  9576 | D:8      | HP: 2/139 [boulder beetle (26)]
  9578 | D:8      | Mangled by a boulder beetle

Illustrated notes

Levels and vault maps discovered:
D:1:      arrival_zaba_pyramid, layout_basic
D:2:      kennysheep_the_goblin_king, layout_loops_cross
D:3:      gammafunk_steamed_eel, layout_rooms, lemuel_round_altar, uniq_natasha
D:4:      layout_cave_pools, serial_shops, shop, serial_column_ruins,
          column_ruins_circle_medium, column_ruins_square_large,
          column_ruins_corridor_straight, column_ruins_columns_T,
          column_ruins_corridor_corner, column_ruins_columns_plus,
          column_ruins_corridor_straight, column_ruins_open_small_water,
          column_ruins_open_small
D:5:      layout_basic, nicolae_qazlal_eye_of_the_storm, old_standard_altar,
          gammafunk_temple_overflow_wave, uniq_ijyb, uniq_edmund
D:6:      layout_loops_ring, minmay_temple_entry_antechambers
D:7:      layout_gridville, kennysheep_little_box, the_bakery
D:8:      minmay_imperfect_grid, layout_loops_corners,
          nicolae_overflow_hidden_temple, uniq_grum, uniq_erica

Skill      XL: |  1  2  3  4  5  6  7  8  9 |
---------------+----------------------------+-----
Fighting       | 4 5 6 7 8 10 | 10.2
Axes           | 5 6 7 8 10 12 14 | 14.5
Armour         | |  2.1
Dodging        | |  1.5

Action                   |  1- 3 |  4- 6 |  7- 9 | 10-12 || total
-------------------------+-------+-------+-------+-------++-------
Melee: Hand axe          |    87 |   142 |   231 |       ||   460
       War axe           |       |       |   163 |    41 ||   204
Invok: Berserk           |     1 |     3 |    12 |     1 ||    17
  Use: Scroll            |       |       |     5 |       ||     5
       Potion            |       |       |     1 |       ||     1
 Stab: Sleeping          |     1 |       |       |       ||     1
Armor: Animal skin       |    11 |       |       |       ||    11
       Scale mail        |    23 |    12 |       |       ||    35
       Ring mail         |       |    62 |    96 |       ||   158
       Acid dragon scale |       |       |     8 |     5 ||    13
Dodge: Dodged            |    67 |    81 |   189 |     7 ||   344

Table legend: (Time is in decaauts)
 A = Elapsed time spent in this place.
 B = Non-inter-level travel time spent in this place.
 C = Inter-level travel time spent in this place.
 D = Time resting spent in this place.
 E = Time spent auto-exploring this place.
 F = Levels seen in this place.
 G = Mean time per level.
                   A        B        C        D        E       F      G
               +--------+--------+--------+--------+--------+-----+--------+
         Total |   9648 |   9421 |    227 |    467 |   7850 |   8 | 1206.0 |
       Dungeon |   9648 |   9421 |    227 |    467 |   7850 |   8 | 1206.0 |
               +--------+--------+--------+--------+--------+-----+--------+

Top non-repeatable levels by time:
     D:5: 1949 daAuts
     D:7: 1815 daAuts
     D:6: 1507 daAuts
     D:1: 1492 daAuts
     D:2: 1080 daAuts
     D:3: 818 daAuts
     D:4: 546 daAuts
     D:8: 437 daAuts
